 Dungeon Crawl Stone Soup version 0.27.0-1-g7a08968 (webtiles) character file.

Game seed: 13101878558797556845

261 arb the Chopper (level 5, -9/45 HPs)
             Began as a Minotaur Gladiator on Aug 9, 2021.
             Was a Follower of Qazlal.
             Mangled by a hornet (14 damage)
             ... on level 4 of the Dungeon.
             The game lasted 00:05:08 (4333 turns).

arb the Chopper (Minotaur Gladiator)                Turns: 4333, Time: 00:05:09

Health: -9/45      AC:  9    Str: 19    XL:     5   Next: 96%
Magic:  4/4        EV:  8    Int:  5    God:    Qazlal [*.....]
Gold:   159        SH:  1    Dex: 12    Spells: 4/4 levels left

rFire    . . .     SeeInvis .   a - +0 war axe
rCold    . . .     Faith    .   (no shield)
rNeg     . . .     Spirit   .   h - +0 chain mail
rPois    .         Reflect  .   c - +0 hat
rElec    .         Harm     .   f - scarf {+Inv}
rCorr    .         Rampage  .   (no gloves)
Will     .....                  (no boots)
Stlth    ..........             (no amulet)
HPRegen  0.15/turn              (no ring)
MPRegen  0.09/turn              (no ring)

@: lethally poisoned (-9 -> -32), slowed, very slow
A: horns 2, retaliatory headbutt
a: Renounce Religion, Evoke Invisibility


You were on level 4 of the Dungeon.
You worshipped Qazlal.
Qazlal was aware of your devotion.
You visited 1 branch of the dungeon, and saw 4 of its levels.

You collected 159 gold pieces.

Inventory:

Hand Weapons
 a - a +0 war axe (weapon)
Missiles
 d - 3 throwing nets (quivered)
Armour
 b - a +0 leather armour
 c - a +0 hat (worn)
 e - a +0 ring mail
 f - a scarf of invisibility (worn)
 h - a +0 chain mail (worn)
Scrolls
 g - a scroll of magic mapping {unknown}
 i - 2 scrolls of fear {unknown}
 j - a scroll of amnesia {unknown}
 m - a scroll of blinking {unknown}
 n - a scroll of identify {unknown}
 q - a scroll of teleportation {unknown}
 s - a scroll of summoning {unknown}
Potions
 k - a potion of curing {unknown}
 l - a potion of brilliance {unknown}
 o - a potion of heal wounds
 p - a potion of ambrosia {unknown}
 r - a potion of magic


   Skills:
 - Level 3.0 Fighting
 * Level 6.4 Axes
 - Level 2.2 Throwing
 + Level 2.8 Armour
 + Level 3.6 Dodging
 * Level 0.5 Invocations
 - Level 1.2 Evocations


You had 4 spell levels left.
You didn't know any spells.
Your spell library contained the following spells:

 Spells                   Type           Power      Damage    Failure   Level
 Dazzling Flash           Conj/Hex       0%         N/A       100%        3
 Iskenderun's Mystic Bla  Conj/Tloc      0%         2d3       100%        4
 Starburst                Conj/Fire      0%         8x6d3     100%        6


Dungeon Overview and Level Annotations

Branches:
Dungeon (4/15)
 Temple: D:4-7

Altars:
Qazlal
Sif Muna

Shops:
D:1 [   D:2 :


Innate Abilities, Weirdness & Mutations

You have a pair of horns on your head.
You reflexively headbutt those who attack you in melee.


Message History

Things that are here:
a +0 flail; a +0 leather armour; an orc corpse
Things that are here:
a +0 flail; a +0 leather armour; an orc corpse
Items here: ))) [ ††.
Things that are here:
a +0 flail; a +0 leather armour; an orc corpse As you open the door, it creaks loudly!
There is an open door here.
A hornet comes into view.
The hornet buzzes angrily.
A hornet is nearby!
Okay, then.
It was a potion of heal wounds.
You feel much better. The hornet closely misses you.
The hornet barely misses you.
You completely miss the hornet. You headbutt the hornet!
The hornet is moderately wounded.
The hornet stings you.
You suddenly lose the ability to move!
The hornet stings you but does no damage.
The hornet stings you!
You are poisoned.
You feel yourself slow down.
You feel sick.
The hornet stings you but does no damage. x2
You can move again.
You miss the hornet.
The hornet is moderately wounded.
You feel yourself speed up.
You feel sick. The hornet closely misses you. You furiously retaliate!
You headbutt the hornet, but do no damage.
The hornet stings you!
You are more poisoned.
You shrug off the repeated paralysis!
It was a potion of magic.
Magic courses through your body.
You feel very sick. The hornet stings you!
* * * LOW HITPOINT WARNING * * *
You are more poisoned.
You feel yourself slow down. The hornet stings you!
You die...

...........#....#
.###.#.###.####'######
.....#.##............#
###..#.##..##........#
# #..#.#.............#
# # .#.####..........#
#.
.#..........########
..
.#......#.####......
....
..........@y......
....
...........#...... ...
.................. ...
#.###............. #.
...............
.#.............. ## #
#.............. .#
#............. .#


You could see a hornet.

Vanquished Creatures
  A hound (D:3)
  An iguana (D:4)
  An orc wizard (D:3)
  4 gnolls (D:3)
  3 adders (D:2)
  A white imp (D:3)
  A dart slug (D:1)
  13 orcs
  8 endoplasms
  6 goblins
  9 hobgoblins
  11 jackals
  5 quokkas
  6 ball pythons
  2 bats
  2 frilled lizards
  5 kobolds
  5 rats
84 creatures vanquished.

Vanquished Creatures (others)
  A plant (D:1)
1 creature vanquished.

Grand Total: 85 creatures vanquished

Notes
Turn   | Place    | Note
-------+----------+-------------------------------------------
     0 | D:1      | arb the Minotaur Gladiator began the quest for the Orb.
     0 | D:1      | Reached XP level 1. HP: 18/18 MP: 0/0
   126 | D:1      | Found a faded altar of an unknown god.
   204 | D:1      | Reached skill level 4 in Axes
   301 | D:1      | Reached XP level 2. HP: 25/25 MP: 1/1
   818 | D:1      | Reached XP level 3. HP: 29/30 MP: 2/2
   924 | D:1      | Found Noafuv's Armour Emporium.
  1136 | D:2      | Found Ureisugg's Book Shoppe.
  1158 | D:2      | Reached skill level 1 in Armour
  1787 | D:2      | Reached XP level 4. HP: 38/38 MP: 3/3
  1803 | D:2      | Reached skill level 5 in Axes
  3074 | D:3      | Reached skill level 1 in Evocations
  3074 | D:3      | Reached XP level 5. HP: 44/45 MP: 4/4
  3152 | D:3      | Found a stormy altar of Qazlal.
  3207 | D:3      | Became a worshipper of Qazlal Stormbringer
  3217 | D:3      | Reached skill level 6 in Axes
  3631 | D:3      | Found a shimmering blue altar of Sif Muna.
  4297 | D:4      | Reached * piety under Qazlal
  4325 | D:4      | Noticed a hornet
  4329 | D:4      | Paralysed by a hornet for 3 turns
  4333 | D:4      | Mangled by a hornet

Illustrated notes

Levels and vault maps discovered:
D:1:      tarquinn_simple_flora_water_e, layout_loops_ring, serial_shops,
          nicolae_shop_stone, shapermc_ecumenical_altar_mp_urbaneastern
D:2:      layout_basic, serial_shops, shop
D:3:      layout_basic, nicolae_overflow_crystal_walls, lemuel_blue_sif_altar
D:4:      layout_basic, nicolae_tso_swordbearing_angel,
          chequers_serial_rivers_room_a

Skill      XL: |  1  2  3  4  5 |
---------------+----------------+-----
Axes           | 4 5 6 |  6.4
Armour         | 1 2 |  2.8
Fighting       | 3 |  3.0
Evocations     | 1 |  1.2
Throwing       | |  2.2
Dodging        | |  3.6
Invocations    | |  0.5

Action                   |  1- 3 |  4- 6 || total
-------------------------+-------+-------++-------
Melee: War axe           |    79 |   107 ||   186
       Headbutt          |    11 |    14 ||    25
  Use: Potion            |       |     2 ||     2
Armor: Leather armour    |     3 |       ||     3
       Ring mail         |    13 |       ||    13
       Chain mail        |    19 |    58 ||    77
Dodge: Dodged            |    54 |    50 ||   104
